 Dungeon Crawl Stone Soup version 0.31.0-1-g2c135a008e (webtiles) character file.

Game seed: 10827518188964490372

202 qw the Shooter (level 6, -2/46 HPs)
             Began as a Djinni Hunter on Jan 23, 2024.
             Killed by psychic fangs
             ... invoked by a brain worm
              (10 damage)
             ... in a sewer.
             The game lasted 00:00:07 (1783 turns).

qw the Shooter (Djinni Hunter)                      Turns: 1783, Time: 00:00:08

Health: -2/46      AC:  5    Str: 10    XL:     6   Next: 8%
Gold:   147        EV: 11    Int: 10    God:
                   SH:  0    Dex: 19

rFire   + + .        a - +0 shortbow
rCold   x . .        (shield currently unavailable)
rNeg    . . .        e - +0 ring mail
rPois   inf          (no helmet)
rElec   .            (no cloak)
rCorr   .            (no gloves)
SInv    .            (boots unavailable)
Will    .....        (no amulet)
Stlth   +            (no ring)
HPRegen 0.27/turn    (no ring)
MPRegen 0.00/turn

%: infuse magic (-3 HP)
@: about to teleport, flying
A: sickness immunity, fire resistance 2, cold vulnerability 1, float, innate
caster, HP casting, extra vitality 1
a: no special abilities


You were in a sewer.
You visited 1 branch of the dungeon, and saw 3 of its levels.
You also visited: Sewer.

You collected 147 gold pieces.


Innate Abilities, Weirdness & Mutations

You are immune to sickness and miasma.
You are immune to poison.
Your flesh is very heat resistant. (rF++)
You are vulnerable to cold. (rC-)
You float through the air rather than walking.
You learn spells naturally, not from books.
Your magical power is your life essence.
You have superior vitality. (+4 MHP)


   Skills:
 - Level 3.0 Fighting
 - Level 5.1 Ranged Weapons
 - Level 1.0 Armour
 + Level 2.4 Dodging
 - Level 0.7 Stealth


You knew the following spells:

 Your Spells              Type           Power      Damage    Failure   Level
a - Sting                 Conj/Alch      0%         1d3       67%         1
b - Ensorcelled Hibernat  Hex/Ice        0%         N/A       82%         2
Your spell library was empty.

Inventory:

Hand Weapons
 a - a +0 shortbow (weapon)
Armour
 e - a +0 ring mail (worn)
Jewellery
 k - a ring of fire
Scrolls
 b - 2 scrolls of teleportation
Potions
 i - 2 potions of might
 j - a potion of curing {unknown}

Dungeon Overview and Level Annotations

Branches:
Dungeon (3/15)              Sewer (1/1)

Altars:


Message History

The brain worm is moderately wounded.
The brain worm bites you.
You shoot an arrow. The arrow barely misses the brain worm.
The brain worm bites you but does no damage.
You shoot an arrow. The arrow hits the brain worm.
The brain worm is moderately wounded.
The brain worm bites you but does no damage.
The brain worm bites you.
You shoot an arrow. The arrow hits the brain worm.
The brain worm is heavily wounded.
The brain worm's throbbing head pulsates.
Something gnaws heavily on your mind!
You shoot an arrow. The arrow barely misses the brain worm.
The brain worm misses you.
You shoot an arrow. The arrow hits the brain worm.
The brain worm is heavily wounded.
The brain worm bites you.
You shoot an arrow. The arrow hits the brain worm.
The brain worm is heavily wounded.
The brain worm's bulging head throbs.
Something gnaws heavily on your mind!
The brain worm is briefly caught in foreign memories of distant kingdoms.
The brain worm bites you.
You shoot an arrow.
The arrow hits the brain worm but does no damage.
The brain worm is moderately wounded.
The brain worm bites you but does no damage.
You shoot an arrow. The arrow barely misses the brain worm.
The brain worm bites you.
1781 ||| READING 3 scrolls of teleportation.
As you read the scroll of teleportation, it crumbles to dust.
You feel strangely unstable. The brain worm bites you.
You shoot an arrow. The arrow barely misses the brain worm.
The brain worm closely misses you.
You shoot an arrow. The arrow hits the brain worm.
The brain worm is lightly wounded.
The brain worm's bulging head throbs.
Something gnaws heavily on your mind!
You die...

#############
#$.w@~~~.'..#
####.~~~.####
###.~~~.####
.)'.~~~.)..#
###.~~~.####
#.~~~.####
+.~~~.'.(#
#.~~~.####
#.~~~.####


You could see a brain worm.

Vanquished Creatures
  A brain worm (Sewer)
  4 gnolls (D:3)
  5 adders
  A ribbon worm (D:3)
  2 orcs (D:3)
  3 ball pythons
  9 endoplasms
  A giant cockroach (D:1)
  2 goblins (D:1)
  A hobgoblin (D:1)
  7 kobolds
  3 quokkas
  7 bats
  2 frilled lizards
  4 rats
52 creatures vanquished.

Notes
Turn   | Place    | Note
-------+----------+-------------------------------------------
     0 | D:1      | qw the Djinni Hunter began the quest for the Orb.
     0 | D:1      | Reached XP level 1. HP: 18/18 MP: 0/0
     0 | D:1      | 0 ||| qw: Version: 0.3-a-135-gb77e89d
     0 | D:1      | 0 ||| qw: Game counter: 799
     0 | D:1      | 0 ||| qw: Melee chars always use a shield: true
     0 | D:1      | 0 ||| qw: God list: Okawaru
     0 | D:1      | 0 ||| qw: Allow faded altars: false
     0 | D:1      | 0 ||| qw: Do Orc after clearing Dungeon:15 true
     0 | D:1      | 0 ||| qw: Do second Lair branch before Depths: true
     0 | D:1      | 0 ||| qw: Lair rune preference: random
     0 | D:1      | 0 ||| qw: Goals: Normal
     0 | D:1      | 0 ||| PLANNING D:1-11
   128 | D:1      | Reached XP level 2. HP: 23/23 MP: 0/0
   339 | D:1      | Reached XP level 3. HP: 28/28 MP: 0/0
   339 | D:1      | Learned a level 1 spell: Sting
   343 | D:1      | Reached skill level 4 in Ranged Weapons
   415 | D:1      | Found a faded altar of an unknown god.
   455 | D:1      | 455 ||| READING scroll labelled PAMIDW AXZU.
   556 | D:1      | 556 ||| READING scroll labelled INIT ERUCROY.
   557 | D:1      | 557 ||| READING scroll labelled ASAPPO KONOWN.
   562 | D:1      | 562 ||| READING scroll labelled SAATYP RU MUS.
   563 | D:1      | 563 ||| DRINKING 2 sedimented blue potions.
   564 | D:1      | 564 ||| DROPPING scroll of butterflies.
  1172 | D:2      | 1172 ||| UPGRADING to +0 ring mail.
  1182 | D:2      | 1182 ||| DROPPING +0 leather armour.
  1183 | D:2      | 1183 ||| READING scroll labelled SARAETRATI.
  1184 | D:2      | 1184 ||| READING scroll labelled HEYNYR KEKIEHOU.
  1185 | D:2      | 1185 ||| READING 2 scrolls labelled RANTYI NAITO.
  1185 | D:2      | 1185 ||| IDENTIFYING pink potion
  1186 | D:2      | 1186 ||| READING scroll of identify.
  1186 | D:2      | 1186 ||| IDENTIFYING coppery potion
  1187 | D:2      | 1187 ||| DROPPING potion of attraction.
  1188 | D:2      | 1188 ||| DROPPING potion of invisibility.
  1207 | D:3      | 1207 ||| PLANNING SEWER
  1209 | D:3      | 1209 ||| STAIRDANCE
  1213 | D:2      | Reached XP level 4. HP: 34/34 MP: 0/0
  1217 | D:3      | Reached skill level 1 in Armour
  1224 | D:3      | 1224 ||| STAIRDANCE
  1363 | D:3      | Reached skill level 3 in Fighting
  1488 | D:3      | Reached XP level 5. HP: 32/40 MP: 0/0
  1488 | D:3      | Learned a level 2 spell: Ensorcelled Hibernation
  1661 | D:3      | Found a glowing drain.
  1700 | Sewer    | Entered a sewer
  1709 | Sewer    | Noticed a brain worm
  1714 | Sewer    | Killed a brain worm
  1715 | Sewer    | Reached skill level 5 in Ranged Weapons
  1715 | Sewer    | Reached XP level 6. HP: 39/46 MP: 0/0
  1780 | Sewer    | HP: 8/46 [brain worm (4)]
  1781 | Sewer    | 1781 ||| READING 3 scrolls of teleportation.
  1783 | Sewer    | Killed from afar by a brain worm

Levels and vault maps discovered:
D:1:      eino_arrival_water_star, layout_basic, ebering_ecumenical_altar_rust,
          minmay_pentomino_o2
D:2:      layout_basic
D:3:      layout_loops_ring, cheibrodos_sewer_entry_sluice, kennysheep_boxes
Sewer:    kennysheep_door_sewer

Skill      XL: |  1  2  3  4  5 |
---------------+----------------+-----
Ranged Weapons | 4 5 |  5.1
Armour         | 1 |  1.0
Fighting       | 3 |  3.0
Dodging        | |  2.4
Stealth        | |  0.7

Action                     |  1- 3 |  4- 6 || total
---------------------------+-------+-------++-------
   Fire: Shortbow          |    78 |   107 ||   185
    Use: Scroll            |     8 |     1 ||     9
         Potion            |     1 |       ||     1
 Armour: Leather armour    |    11 |       ||    11
         Ring mail         |     2 |    46 ||    48
  Dodge: Dodged            |    19 |    54 ||    73

Table legend:
 A = Non-vault XP
 B = Vault XP
 C = Vault XP percentage of total XP
 D = Non-vault monster count
 E = Vault monster count
 F = Vault count percentage of total count
                 A         B        C        D         E       F
            +---------+---------+-------+---------+---------+-------
      Total |     170 |     119 |  41.2 |      43 |       9 |  17.3
            +---------+---------+-------+---------+---------+-------
        D:1 |      33 |       3 |   8.3 |      20 |       2 |   9.1
        D:2 |      34 |       0 |   0.0 |       8 |       0 |   0.0
        D:3 |     103 |       8 |   7.2 |      15 |       3 |  16.7
      Sewer |       0 |     108 | 100.0 |       0 |       4 | 100.0
            +---------+---------+-------+---------+---------+-------
